 Dungeon Crawl Stone Soup version 0.28.0-53-g5a82cb258f (webtiles) character file.

Game seed: 3294795942559625446

56 pkoi the Stinger (level 3, -1/26 HPs)
             Began as a Demigod Venom Mage on June 3, 2022.
             Killed from afar by an orc wizard (10 damage)
             ... with a puff of flame
             ... on level 2 of the Dungeon.
             The game lasted 00:03:14 (2245 turns).

pkoi the Stinger (Demigod Venom Mage)               Turns: 2245, Time: 00:03:15

Health: -1/26      AC:  2    Str:  9    XL:     3   Next: 48%
Magic:  3/8        EV: 12    Int: 21    God:
Gold:   56         SH:  0    Dex: 14    Spells: 3/6 levels left

rFire   . . .      SeeInvis .   d - +0 short sword
rCold   . . .      Faith    .   (no shield)
rNeg    . . .      Spirit   .   a - +0 robe
rPois   .          Reflect  .   (no helmet)
rElec   .          Harm     .   (no cloak)
rCorr   .          Rampage  .   (no gloves)
Will    .....                   (no boots)
Stlth   ++........              (no amulet)
HPRegen 0.08/turn               (no ring)
MPRegen 0.11/turn               (no ring)

@: no status effects
A: high MP 1, forlorn, divine attributes
a: no special abilities


You were on level 2 of the Dungeon.
You visited 1 branch of the dungeon, and saw 2 of its levels.

You collected 56 gold pieces.

Inventory:

Hand Weapons
 d - a +0 short sword (weapon)
Armour
 a - a +0 robe (worn)
Scrolls
 b - a scroll of fog {unknown}
 c - 3 scrolls of blinking {unknown}
 g - a scroll of silence {unknown}
Potions
 e - a potion of invisibility {unknown}
 f - a potion of curing {unknown}


   Skills:
 - Level 1.7 Dodging
 - Level 1.7 Stealth
 + Level 2.1 Spellcasting
 - Level 0.8 Transmutations
 + Level 0.9 Air Magic
 + Level 3.9 Poison Magic


You had 3 spell levels left.
You knew the following spells:

 Your Spells              Type           Power      Damage    Failure   Level
a - Sting                 Tmut/Pois      48%        1d5       5%          1
b - Poisonous Vapours     Pois/Air       24%        N/A       9%          2

Your spell library contained the following spells:

 Spells                   Type           Power      Damage    Failure   Level
 Static Discharge         Conj/Air       4%         N/A       19%         2
 Mephitic Cloud           Conj/Pois/Air  9%         N/A       22%         3
 Olgreb's Toxic Radiance  Pois           18%        N/A       28%         4
 Lightning Bolt           Conj/Air       2%         1d13      97%         5
 Maxwell's Capacitive Co  Air            3%         ∞         100%        8


Dungeon Overview and Level Annotations

Branches:
Dungeon (2/15)

Shops:
D:1 *


Innate Abilities, Weirdness & Mutations

You have an increased reservoir of magic. (+10% MP)
You shall have no god before yourself.
Your divine heritage dramatically boosts your attributes as you level up.


Message History

Done waiting.
There is a stone staircase leading down here.
You climb downwards.
There is a stone staircase leading up here.
Unknown command.
Unknown command.
An orc wizard is nearby!
An orc wizard is nearby!
The sting hits the orc wizard.
The orc wizard is poisoned.
The orc wizard is lightly wounded.
The sting hits the orc wizard but does no damage.
The orc wizard looks even sicker.
The orc wizard is moderately wounded.
The orc wizard points at you and mumbles some strange words.
The puff of flame hits you!
* * * LOW HITPOINT WARNING * * *
You are too injured to fight recklessly!
Aiming: Sting (safe; 5% risk of failure)
Press: ? - help, Q - select action, (/) - cycle Shift-Dir - straight line, f/p - orc wizard
Aim: an orc wizard, wielding a +0 dagger and wearing a +0 robe (heavily wounded, poisoned, 64% to hit)
The sting hits the orc wizard but does no damage.
The orc wizard looks even sicker.
The orc wizard is heavily wounded.
The orc wizard hits you with a +0 dagger.
* * * LOW HITPOINT WARNING * * *
Aiming: Sting (safe; 5% risk of failure)
Press: ? - help, Q - select action, (/) - cycle Shift-Dir - straight line, f/p - orc wizard
Aim: an orc wizard, wielding a +0 dagger and wearing a +0 robe (severely wounded, very poisoned, 64% to hit)
The sting hits the orc wizard.
The orc wizard looks even sicker.
The orc wizard is severely wounded.
The orc wizard gestures at you while chanting.
The magic dart hits you.
* * * LOW HITPOINT WARNING * * *
Aiming: Sting (safe; 5% risk of failure)
Press: ? - help, Q - select action, (/) - cycle Shift-Dir - straight line, f/p - orc wizard
Aim: an orc wizard, wielding a +0 dagger and wearing a +0 robe (severely wounded, very poisoned, 64% to hit)
The sting misses the orc wizard.
The orc wizard points at you and mumbles some strange words.
The puff of flame hits you!
You die...

# #...# #.........# ## # #...#
####.###### # # #...#
#.....######### # #...#
#.#.#.#.......# #######...######
#...#.#.......#
##.>...........####.###.#.......#
.........^...........##.........#
##.............#.....(.##...<...#
#######...######@##.##.##.......#
# #...# #o##.##..........# #
#...# #.#.>##..#####.### # #...#
##.#.###..##..†.# #
#...#####.........##.##.#
########.#..............##.##.###
).....##....###..#.##.#..........
..###.####.......#)........######
#.###.####..#......##.######


You could see an orc wizard (very poisoned).

Vanquished Creatures
  An adder (D:2)
  3 dart slugs
  2 orcs (D:2)
  7 bats
  2 endoplasms (D:2)
  A giant cockroach (D:2)
  3 goblins (D:2)
  2 hobgoblins (D:1)
  2 jackals (D:2)
  3 kobolds
  A quokka (D:1)
  5 ball pythons
  2 frilled lizards (D:1)
  7 rats
41 creatures vanquished.

Notes
Turn   | Place    | Note
-------+----------+-------------------------------------------
     0 | D:1      | pkoi the Demigod Venom Mage began the quest for the Orb.
     0 | D:1      | Reached XP level 1. HP: 14/14 MP: 5/5
   261 | D:1      | Reached skill level 3 in Poison Magic
   288 | D:1      | Found Mequr's Assorted Antiques.
   472 | D:1      | Reached XP level 2. HP: 16/20 MP: 1/7
  1092 | D:1      | Learned a level 2 spell: Poisonous Vapours
  1350 | D:2      | Reached XP level 3. HP: 26/26 MP: 4/8
  2245 | D:2      | Killed from afar by an orc wizard

Illustrated notes

Levels and vault maps discovered:
D:1:      dpeg_arrival_leaves_temple_mockup, layout_basic, serial_shops, shop,
          hellmonk_ecumenical_altar_crossroads
D:2:      layout_loops_cross

Skill      XL: |  1  2  3 |
---------------+----------+-----
Poison Magic   | 3 |  3.9
Spellcasting   | 2 |  2.1
Dodging        | |  1.7
Stealth        | |  1.7
Transmutations | |  0.8
Air Magic      | |  0.9

Action                   || total
-------------------------++-------
Melee: Short sword       ||     5
       Unarmed           ||     1
 Cast: Sting             ||    89
Armor: Robe              ||     6
Dodge: Dodged            ||    23
